 Dungeon Crawl Stone Soup version 0.17.1-3-g152610e (webtiles) character file.

100 Gargoyl the Skirmisher (level 4, 0/37 HPs)
             Began as a Demonspawn Abyssal Knight on Apr 7, 2016.
             Was a Priest of Lugonu.
             Slain by a worm (6 damage)
             ... on level 3 of the Dungeon.
             The game lasted 00:04:56 (2115 turns).

Gargoyl the Skirmisher (Demonspawn Abyssal Knight)  Turns: 2115, Time: 00:04:56

Health: 0/37       AC: 11    Str: 13    XL:     4   Next: 46%
Magic:  5/5        EV:  3    Int: 13    God:    Lugonu [***...]
Gold:   85         SH:  0    Dex: 13    Spells: 0 memorised, 3 levels left

rFire  . . .     SeeInvis .     a - +1 hand axe
rCold  . . .     Clarity  .     i - +0 plate armour
rNeg   . . .     SustAt   .     (no shield)
rPois  .         Gourm    .     (helmet restricted)
rElec  .         Spirit   .     (no cloak)
rCorr  .         Warding  .     (no gloves)
rMut   .         Rnd*Tele +     (no boots)
MR     .....                    d - amulet of regeneration
Stlth  ..........               (no ring)
                                s - ring of teleportation (curse)

@: not resistant to hostile enchantments, extremely unstealthy
A: antennae 1, rot immunity
a: Depart the Abyss, Bend Space, Banish, Renounce Religion, Evoke Teleportation


You were on level 3 of the Dungeon.
You worshipped Lugonu.
Lugonu was most pleased with you.
You were not hungry.

You visited 1 branch of the dungeon, and saw 3 of its levels.
You visited the Abyss 1 time.

You collected 85 gold pieces.

Inventory:

Hand Weapons
 a - a +1 hand axe (weapon)
Armour
 i - a +0 plate armour (worn)
Jewellery
 d - an amulet of regeneration (around neck)
 n - an uncursed amulet of rage
 s - a cursed ring of teleportation (left hand)
Scrolls
 e - a scroll of teleportation
 h - a scroll of recharging
Potions
 j - a potion of flight
 m - a potion of curing
 r - a potion of might
Comestibles
 b - a beef jerky
 c - 2 bread rations
 f - a meat ration
 g - a royal jelly


   Skills:
 + Level 3.7 Fighting
 + Level 2.2 Axes
 * Level 3.1 Armour
 + Level 1.4 Dodging
 + Level 0.2 Stealth
 + Level 2.6 Invocations


You had 3 spell levels left.
You didn't know any spells.

Dungeon Overview and Level Annotations

Branches:
Dungeon (3/15)

Altars:
Nemelex Xobeh
Okawaru
Qazlal
Trog
Xom
Yredelemnul


Innate Abilities, Weirdness & Mutations

You have a pair of small antennae on your head.
You are immune to rotting.


Message History

The rat bites you but does no damage. The worm bites you but does no damage.
The rat bites you but does no damage.
Unknown command.
You closely miss the rat.
The rat is heavily wounded.
You hit the worm.
The worm is moderately wounded.
The rat bites you.
* * * LOW HITPOINT WARNING * * *
The worm bites you but does no damage. The rat bites you but does no damage.
You hit the rat.
You kill the rat!
Lugonu accepts your kill.
Your plate armour prevents you from hitting the worm.
The worm is moderately wounded.
The worm bites you!
* * * LOW HITPOINT WARNING * * *
You see here a rat corpse.
The worm bites you.
You die...

............####'####
...........##.......##
....).....##.........##
....†.....#.......†...#
..........#....###....#
#.........#...##y##†..#
..........#....###....#
###......###.....w...##
####..## #)...@..).#
### ##.....).##
###..)### #####


You could see a moth of wrath and a worm (berserk).

Vanquished Creatures
  Robin (D:3)
  2 worms
  2 orcs (D:3)
  3 ball pythons
  6 bats
  A giant cockroach (D:3)
  16 goblins
  19 hobgoblins
  A giant newt (D:3)
  10 kobolds
  10 rats
  A spectral orc (D:2)
72 creatures vanquished.

Notes
Turn   | Place    | Note
--------------------------------------------------------------
     0 | Abyss:1  | Gargoyl the Demonspawn Abyssal Knight began the quest for the Orb.
     0 | Abyss:1  | Reached XP level 1. HP: 18/18 MP: 2/2
    30 | Abyss:1  | Noticed a ynoxinul
    78 | Abyss:2  | Noticed a small abomination
   101 | Abyss:2  | Noticed an iron imp
   107 | Abyss:2  | Found a corrupted altar of Lugonu.
   126 | Abyss:2  | Noticed a small abomination
   135 | Abyss:2  | Noticed a small abomination
   138 | Abyss:2  | Noticed an emperor scorpion zombie
   139 | Abyss:2  | Noticed an orange demon
   140 | D:1      | Escaped the Abyss
   313 | D:1      | Reached * piety under Lugonu
   347 | D:1      | Reached skill level 1 in Dodging
   347 | D:1      | Gained mutation: You are immune to rotting. [demonic ancestry]
   347 | D:1      | Reached XP level 2. HP: 13/24 MP: 3/3
   925 | D:1      | Gained mutation: You have a pair of small antennae on your head. [demonic ancestry]
   925 | D:1      | Reached XP level 3. HP: 26/29 MP: 4/4
  1184 | D:2      | Found an iron altar of Okawaru.
  1260 | D:2      | Found a stormy altar of Qazlal.
  1327 | D:2      | Found a basalt altar of Yredelemnul.
  1502 | D:2      | Found a shimmering altar of Xom.
  1663 | D:2      | Reached ** piety under Lugonu
  1879 | D:3      | Noticed Robin
  1889 | D:3      | Reached XP level 4. HP: 22/35 MP: 5/5
  1903 | D:3      | Killed Robin
  1907 | D:3      | HP: 1/36 [kobold/enchanted whip (2)]
  1963 | D:3      | Found a sparkling altar of Nemelex Xobeh.
  2089 | D:3      | Noticed a moth of wrath
  2091 | D:3      | Found a bloodstained altar of Trog.
  2099 | D:3      | Reached *** piety under Lugonu
  2115 | D:3      | Slain by a worm

Action                   |  1- 3 |  4- 6 || total
-------------------------+-------+-------++-------
Melee: Hand axe          |   148 |    36 ||   184
Invok: Depart the Abyss  |     1 |       ||     1
  Use: Scroll            |       |     6 ||     6
       Potion            |       |     4 ||     4
  Eat: Chunk             |     4 |     1 ||     5
